Map: 2000 Atmospheres LE

Players

TriGGeR - Winner!

  • Race: Protoss Protoss
  • League: Grandmaster

PiLiPiLi

  • Race: Protoss Protoss
  • League: Grandmaster

Event: DreamHack SC2 Masters 2021 Summer

VOD

Have the link to the VOD?

Description

Time

  • Played on: June 3, 2021, 4:29 p.m.
  • Length: 4:29

All games in this series

Show
View Real Time Build Order
Export as new Build Order

TriGGeR Protoss - Winner!

Build Orders: Proxy Void Ray 

Get SALT Encoding   

  12  0:00  Probe  
  13  0:12  Probe  
  14  0:19  Pylon  
  14  0:24  Probe  
  15  0:37  Probe (Chrono Boost)  
  15  0:38  Gateway  
  16  0:46  Probe (Chrono Boost), Assimilator  
  17  0:51  Probe  
  18  1:03  Probe  
  19  1:11  Assimilator  
  19  1:15  Probe  
  20  1:24  Zealot (Chrono Boost)  
  20  1:26  Cybernetics Core  
  20  1:27  Probe  
  23  1:44  Pylon  
  23  2:02  Stargate  
  23  2:04  Adept  
  23  2:05  Shield Battery  
  23  2:08  Shield Battery  
  26  2:13  Shield Battery  
  25  2:23  Shield Battery  
  25  2:28  Shield Battery  
  25  2:36  Void Ray (Chrono Boost)  
  25  2:48  Pylon  
  29  2:56  Adept  
  31  3:07  Shield Battery  
  31  3:10  Void Ray (Chrono Boost)  
  35  3:25  Shield Battery  
  35  3:33  Probe  
  36  3:42  Shield Battery  
  36  3:45  Shield Battery  
  36  4:03  Pylon  
  38  4:21  Shield Battery  
Show
View Real Time Build Order
Export as new Build Order

PiLiPiLi Protoss 

Build Orders: Nexus First 

Get SALT Encoding   

  12  0:00  Probe  
  13  0:12  Probe  
  14  0:19  Pylon  
  14  0:25  Probe  
  15  0:37  Probe (Chrono Boost)  
  16  0:46  Probe (Chrono Boost)  
  17  0:57  Nexus  
  17  1:07  Gateway  
  17  1:10  Probe  
  18  1:16  Assimilator  
  18  1:22  Probe  
  19  1:25  Assimilator  
  19  1:34  Probe  
  19  1:39  Gateway  
  20  1:46  Probe  
  21  1:55  Cybernetics Core  
  21  1:56  Zealot (Chrono Boost)  
  23  2:05  Pylon  
  25  2:29  Stalker (Chrono Boost)  
  27  2:40  Shield Battery  
  27  2:44  Stalker (Chrono Boost)  
  27  2:45  Shield Battery  
  27  2:51  Stalker  
  29  3:00  Pylon  
  29  3:01  Pylon  
  29  3:09  Probe  
  29  3:10  Probe  
  29  3:15  Stalker (Chrono Boost)  
  31  3:25  Probe x2  
  33  3:28  Stalker (Chrono Boost)  
  35  3:39  Gateway  
  35  3:46  Shield Battery  
  35  3:56  Pylon  
  35  4:09  Pylon  
Tags
 
Add a new tag
Caveats
  • Supply blocks, unpowered buildings, or Contaminate may cause inaccurate times.
  • Supply counts are checked every 10 seconds.